 Dungeon Crawl Stone Soup version 0.21.1-1-g345015f (webtiles) character file.

151 Firecrotchwizard the Ruffian (level 5, -8/40 HPs)
             Began as a Draconian Transmuter on May 31, 2018.
             Mangled by an orc warrior
             ... wielding a +0 scimitar
              (26 damage)
             ... on level 3 of the Dungeon.
             The game lasted 00:05:53 (2334 turns).

Firecrotchwizard the Ruffian (Draconian Transmuter) Turns: 2334, Time: 00:05:54

Health: -8/40      AC:  5    Str: 12    XL:     5   Next: 10%
Magic:  7/8        EV: 12    Int: 15    God:
Gold:   78         SH:  0    Dex: 11    Spells: 2/8 levels left

rFire    . . .     SeeInvis .     - Unarmed
rCold    . . .     Gourm    .   (no shield)
rNeg     . . .     Faith    .   (armour unavailable)
rPois    .         Spirit   .   (helmet restricted)
rElec    .         Reflect  .   (no cloak)
rCorr    .         Harm     .   (no gloves)
MR       +....                  (boots currently unavailable)
Stlth    +.........             (no amulet)
HPRegen  0.13/turn              h - ring of protection from magic {MR+, !d}
MPRegen  0.11/turn              (no ring)

@: appendage
A: unfitting armour, talons 3, cold-blooded, AC +5
a: End Transformation


You were on level 3 of the Dungeon.
You were not hungry.
You had grown temporary talons.
You visited 1 branch of the dungeon, and saw 3 of its levels.

You collected 78 gold pieces.

Inventory:

Missiles
 a - 12 arrows
Jewellery
 h - a ring of protection from magic (left hand) {MR+, !d}
   (You found it on level 1 of the Dungeon)
Wands
 q - a wand of acid (3)
   (You took it off a gnoll on level 3 of the Dungeon)
Scrolls
 e - a scroll of enchant armour {unknown}
 g - 6 scrolls of identify {unknown}
 j - a scroll of teleportation {unknown}
 k - a scroll of immolation {unknown}
 l - a scroll of fear {unknown}
 m - 2 scrolls of blinking {unknown}
 n - a scroll of amnesia {unknown}
Potions
 d - 2 potions of haste
 f - 2 potions of heal wounds {unknown}
 i - a potion of curing {unknown}
 o - a potion of brilliance {unknown}
 p - 2 potions of lignification {unknown}
Books
 b - a book of Changes
Comestibles
 c - 3 rations {@e1}


   Skills:
 - Level 1.2 Fighting
 - Level 1.8 Dodging
 * Level 4.8 Unarmed Combat
 - Level 2.0 Spellcasting
 + Level 3.2 Transmutations
 + Level 1.2 Poison Magic


You had 2 spell levels left.
You knew the following spells:

 Your Spells              Type           Power        Failure   Level  Hunger
a - Beastly Appendage     Tmut           ##....       6%          1    #......
c - Spider Form           Tmut/Pois      #.........   26%         3    ###....
s - Sticks to Snakes      Tmut           ##......     9%          2    ###....


Dungeon Overview and Level Annotations

Branches:
Dungeon (3/15)

Altars:

Annotations:
D:2 Sigmund


Innate Abilities, Weirdness & Mutations

Your plain brown scales are hard. (AC +5)
You cannot fit into any form of body armour.
You are cold-blooded and may be slowed by cold attacks.
You have claws for feet.


Message History

Your Transmutations skill increases to level 3!
No target in view!
Your transformation is almost over.
Things that are here:
a club; a gnoll corpse You butcher the gnoll corpse.
o - a chunk of flesh {@w0} You see here a club.
MP restored: 7 Autoeating chunks.
Eating a chunk of flesh {@w0}.
You eat the chunk of flesh {@w0}.
You now have 78 gold pieces (gained 5).
Your horns disappear.
o - a viscous red potion Health restored: 35 An adder comes into view.
You grow a pair of large bovine horns.
The adder hisses angrily.
You now have 6/7 mp.
You closely miss the adder. Your headbutt misses the adder.
Your tail-slap misses the adder.
Your punch misses the adder. The adder bites you but does no damage.
You hit the adder but do no damage.
Your transformation is almost over.
The adder bites you but does no damage.
You hit the adder. The adder bites you but does no damage.
You hit the adder. The adder bites you.
You take 1 damage, and have 34/35 hp.
You hit the adder. The adder bites you. The adder barely misses you.
You take 1 damage, and have 33/35 hp.
You miss the adder.
Your tail-slap misses the adder.
The adder misses you.
You miss the adder.
Your tail-slap misses the adder.
The adder barely misses you.
You hit the adder.
You kill the adder!
MP restored: 7
Okay, then.
Your horns disappear.
A dart slug comes into view.
Health restored: 35 No target in view!
No target in view!
The dart slug is too close now for your liking.
The dart slug barely misses you.
You hit the dart slug. You hit the dart slug.
You kill the dart slug!
No target in view!
c - 3 rations {@e1} (gained 1)
An orc priest comes into view. It is wielding a club.
An orc comes into view. It is wielding a short sword.
The orc shouts!
The orc priest shouts!
The orc priest moves out of view.
An orc warrior comes into view. It is wielding a scimitar.
An orc wizard comes into view. It is wielding a dagger.
The orc warrior shouts!
An orc comes into view. It is wielding a falchion.
The orc shouts!
The orc wizard looks satisfied for a moment.
The orc wizard gestures wildly while chanting.
The orc wizard seems to speed up.
The orc wizard looks satisfied for a moment.
The orc wizard gestures wildly while chanting.
The orc wizard flickers and vanishes!
Deactivating autopickup; reactivate with Ctrl-A.
Aim: an orc warrior, wielding a scimitar and wearing a plate armour The bolt of acid misses the orc warrior.
The orc warrior hits you but does no damage.
Aim: an orc warrior, wielding a scimitar and wearing a plate armour The bolt of acid hits the orc warrior.
The orc warrior is splashed with acid.
The bolt of acid hits something.
Reactivating autopickup.
You have reached level 5!
You feel a bit more experienced.
Health restored: 40; MP restored: 8
Aim: an orc warrior, wielding a scimitar and wearing a plate armour (heavily wounded)
The bolt of acid misses the orc warrior.
The bolt of acid hits the orc.
The orc is splashed with acid.
The acid corrodes the orc!
You kill the orc!
The orc warrior barely misses you.
Your feet morph into talons.
The orc warrior hits you with a scimitar!!
Ouch! That really hurt!
You take 23 damage, and have 17/40 hp.
MASSIVE DAMAGE!!
You now have 7/8 mp.
Aim: an orc warrior, wielding a scimitar and wearing a plate armour (heavily wounded)
The bolt of acid hits the orc warrior.
The orc warrior is splashed with acid.
The orc warrior misses you.
You hit the orc warrior but do no damage.
You tail-slap the orc warrior, but do no damage.
The orc warrior hits you but does no damage.
You hit the orc warrior but do no damage.
Your kick misses the orc warrior.
You hit the orc warrior but do no damage.
You tail-slap the orc warrior, but do no damage.
The orc warrior hits you with a scimitar!!
Ouch! That really hurt!
You die...

#.#.#.##.####...# #o.. #.#.#.##.#
#...# #....
..#.#.##.####...###### #....
#.#.#.##.#...........+ #....
....#.##.#####.####### ###o#
#.###.##.............. ...
#...#.########.####### #.#
#.#.#.########.################.#
................@o.)).o..........
###.#.###.#######################
###.#.# #.# ....#.###.#
#####...#.#######################
.................................
.................................
#########.#######################
###


You could see an orc warrior and an orc.

Vanquished Creatures
  An orc wizard (D:3)
  Jessica (D:2)
  An adder (D:3)
  3 gnolls (D:3)
  An ooze (D:1)
  2 adder skeletons (D:2)
  2 dart slugs
  A leopard gecko (D:1)
  An orc (D:3)
  A bat (D:1)
  3 bat skeletons (D:2)
  2 bat zombies (D:2)
  A giant cockroach (D:2)
  5 goblins
  3 hobgoblins
  3 jackals (D:1)
  3 kobolds
  A ball python (D:1)
  3 frilled lizards
  2 giant cockroach zombies (D:2)
  A leopard gecko zombie (D:2)
  5 rats
46 creatures vanquished.

Notes
Turn   | Place    | Note
-------+----------+-------------------------------------------
     0 | D:1      | Firecrotchwizard the Draconian Transmuter began the quest for the Orb.
     0 | D:1      | Reached XP level 1. HP: 16/16 MP: 3/3
   176 | D:1      | Reached XP level 2. HP: 22/23 MP: 5/5
   776 | D:2      | Reached XP level 3. HP: 28/28 MP: 6/6
   780 | D:2      | Learned a level 2 spell: Sticks to Snakes
   784 | D:2      | Learned a level 3 spell: Spider Form
   867 | D:2      | Noticed Jessica
   875 | D:2      | HP: 7/28 [Jessica/nerve-wracking pain (14)]
   877 | D:2      | HP: 3/28 [Jessica/dagger (4)]
   879 | D:2      | Killed Jessica
   879 | D:2      | Reached skill level 4 in Unarmed Combat
  1190 | D:2      | Reached XP level 4. HP: 34/35 MP: 7/7
  1329 | D:2      | Noticed Sigmund
  1589 | D:2      | Reached skill level 1 in Poison Magic
  1840 | D:3      | HP: 3/35 [acid (13)]
  1909 | D:3      | HP: 8/35 [gnoll/club (2)]
  2170 | D:3      | Reached skill level 3 in Transmutations
  2299 | D:3      | Noticed an orc warrior
  2328 | D:3      | Reached XP level 5. HP: 40/40 MP: 8/8
  2334 | D:3      | Mangled by an orc warrior

Skill      XL: |  1  2  3  4 |
---------------+-------------+-----
Unarmed Combat | 4 |  4.8
Poison Magic   | 1 |  1.2
Transmutations | 3 |  3.2
Fighting       | |  1.2
Dodging        | |  1.8
Spellcasting   | |  2.0

Action                   |  1- 3 |  4- 6 || total
-------------------------+-------+-------++-------
Melee: Unarmed           |   104 |    50 ||   154
       Kick              |     4 |       ||     4
       Tailslap          |    11 |     5 ||    16
       Punch             |     1 |     1 ||     2
       Headbutt          |       |     2 ||     2
 Cast: Beastly Appendage |     4 |     5 ||     9
Evoke: Wand              |       |     4 ||     4
  Eat: Ration            |       |     1 ||     1
       Chunk             |       |     1 ||     1
Armor: Skin              |    29 |    15 ||    44
Dodge: Dodged            |    56 |    33 ||    89

Vault maps used:
D:1:      dpeg_arrival_windows_large_door
D:2:      serial_undead, serial_undead_a, serial_undead_a, serial_undead_c,
          serial_undead_f, serial_undead_f, serial_undead_a, serial_undead_e,
          serial_undead_e, uniq_sigmund, uniq_jessica
D:3:      first_ration, serial_glass, glass_columns_a, glass_columns_a,
          minmay_strange_pillars, item_on_display_b, minmay_strange_pillars,
          item_on_display_a, kennysheep_generic_room_11, uniq_ijyb

Table legend:
 A = Turns spent in this place as a percentage of turns spent in the entire game.
 B = Non-inter-level travel turns spent in this place as a percentage of non-inter-level travel turns spent in the entire game.
 C = Inter-level travel turns spent in this place as a percentage of turns spent in this place.
 D = Turns resting spent in this place as a percentage of non-inter-level travel turns spent in this place.
 E = Turns spent auto-exploring this place as a percentage of non-inter-level travel turns spent in this place.
 F = Non-inter-level travel turns spent in this place divided by the number of levels of this place that you've seen.
                   A       B       C       D       E      F
               +-------+-------+-------+-------+-------+----------------------
         Total | 100.0 | 100.0 |   2.7 |  32.4 |  49.3 | 757.3
       Dungeon | 100.0 | 100.0 |   2.7 |  32.4 |  49.3 | 757.3
               +-------+-------+-------+-------+-------+----------------------

Table legend:
 A = Kills in this place as a percentage of kills in entire the game.
 B = Kills by you in this place as a percentage of kills by you in the entire game.
 C = Kills by friends in this place as a percentage of kills by friends in the entire game.
 D = Other kills in this place as a percentage of other kills in the entire game.
 E = Experience gained in this place as a percentage of experience gained in the entire game.
 F = Experience gained in this place divided by the number of levels of this place that you have seen.
                   A       B       C       D       E      F
               +-------+-------+-------+-------+-------+----------------------
         Total | 100.0 | 100.0 |   N/A |   N/A | 100.0 |  72.0
       Dungeon | 100.0 | 100.0 |   N/A |   N/A | 100.0 |  72.0
               +-------+-------+-------+-------+-------+----------------------
